 Dungeon Crawl Stone Soup version 0.22-a0-596-gfbd32a6 (webtiles) character file.

214208 wellist the Warrior (level 18, -5/180 HPs)
             Began as a Hill Orc Fighter on July 3, 2018.
             Was a High Priest of Okawaru.
             Killed from afar by a thorn hunter (37 damage)
             ... with a volley of thorns
             ... on level 3 of the Swamp on July 5, 2018.
             The game lasted 03:29:20 (43458 turns).

wellist the Warrior (Hill Orc Fighter)             Turns: 43458, Time: 03:29:23

Health: -5/180     AC: 21    Str: 27    XL:     18   Next: 98%
Magic:  23/25      EV:  5    Int: 18    God:    Okawaru [*****.]
Gold:   1188       SH: 20    Dex: 20    Spells: 17/17 levels left

rFire    + + .     SeeInvis .   X - +4 broad axe of Plague {speed, +Inv Int+3}
rCold    + + .     Gourm    +   Q - +1 large shield {rF+}
rNeg     + + .     Faith    .   A - +2 plate armour {rF+}
rPois    +         Spirit   .   a - -2 hat of the Alchemist {rElec rPois rF+ rC+ rN+ MR+ rMut rCorr}
rElec    +         Reflect  .   I - +0 cloak "Rastrew" {rElec rPois Dex+4}
rCorr    +         Harm     .   (no gloves)
rMut     +                      (no boots)
MR       ++++.                  K - amulet of the gourmand
Stlth    ..........             b - ring "Abantesu" {Ice +Blink rN+ MR++ Stlth-}
HPRegen  0.40/turn              k - ring of Mydim {rPois Int+6 Slay+6}
MPRegen  0.19/turn

@: mighty
A: thin skeletal structure 1, shaggy fur 1, MP-powered wands
}: 1/15 runes: serpentine
a: Heroism, Finesse, Renounce Religion, Evoke Blink, Evoke Invisibility


You were on level 3 of the Swamp.
You worshipped Okawaru.
Okawaru was extremely pleased with you.
You were not hungry.

You visited 6 branches of the dungeon, and saw 31 of its levels.
You also visited: Labyrinth, Bailey and Volcano.

You collected 2887 gold pieces.
You spent 1699 gold pieces at shops.

Inventory:

Hand Weapons
 o - a +3 antimagic war axe
 D - the +6 trident "Beetleslayer" {holy, Str-2 Dex+5}
   (You took it off a minotaur in a labyrinth)

   It has been blessed by the Shining One to cause great damage to the undead
   and demons.
   It affects your strength (-2).
   It affects your dexterity (+5).
 J - a +1 war axe of venom
 X - the +4 broad axe of Plague (weapon) {speed, +Inv Int+3}
   (Okawaru gifted it to you on level 6 of the Lair of Beasts)

   Attacks with this weapon are significantly faster.
   It affects your intelligence (+3).
   It lets you turn invisible.
Missiles
 y - 68 tomahawks of returning (quivered)
Armour
 a - the -2 hat of the Alchemist (worn) {rElec rPois rF+ rC+ rN+ MR+ rMut rCorr}
   (You bought it in a shop on level 9 of the Dungeon)

   It protects you from fire.
   It protects you from cold.
   It insulates you from electricity.
   It protects you from poison.
   It protects you from negative energy.
   It affects your resistance to hostile enchantments.
   It protects you from acid and corrosion.
   It protects you from mutation.
 A - a +2 plate armour of fire resistance (worn)
 I - the +0 cloak "Rastrew" (worn) {rElec rPois Dex+4}
   (Okawaru gifted it to you on level 12 of the Dungeon)

   It affects your dexterity (+4).
   It insulates you from electricity.
   It protects you from poison.
 Q - a +1 large shield of fire resistance (worn)
Jewellery
 b - the ring "Abantesu" (left hand) {Ice +Blink rN+ MR++ Stlth-}
   (You took it off a boggart on level 12 of the Dungeon)

   [ring of ice]

   It enhances your ice magic.
   It makes you vulnerable to fire.
   It protects you from cold.
   It protects you from negative energy.
   It affects your resistance to hostile enchantments.
   It lets you blink.
   It makes you less stealthy.
 e - the ring "Reudoize" {Ice Stlth+}
   (You found it on level 1 of the Swamp)

   [ring of ice]

   It enhances your ice magic.
   It makes you vulnerable to fire.
   It protects you from cold.
   It makes you more stealthy.
 k - the ring of Mydim (right hand) {rPois Int+6 Slay+6}
   (You found it on level 5 of the Dungeon)

   [ring of poison resistance]

   It affects your intelligence (+6).
   It affects your accuracy and damage with ranged weapons and melee attacks
   (+6).
   It protects you from poison.
 K - an amulet of the gourmand (around neck)
Wands
 r - a wand of disintegration (7)
 u - a wand of random effects (116)
 w - a wand of paralysis (31)
 F - a wand of flame (32)
 P - a wand of acid (9)
 S - a wand of polymorph (12)
 U - a wand of scattershot (5)
 W - a wand of enslavement (17)
Scrolls
 d - 2 scrolls of fog
 h - 12 scrolls of remove curse
 j - 7 scrolls of teleportation
 m - 7 scrolls of identify
 n - 3 scrolls of enchant weapon
 p - 3 scrolls of enchant armour
 q - 2 scrolls of acquirement
 x - 6 scrolls of fear
 E - a scroll of torment
 G - 2 scrolls of brand weapon
 M - 4 scrolls of amnesia
 N - 4 scrolls of magic mapping
 T - a scroll of silence
Potions
 c - 3 potions of agility
 g - a potion of might
 i - 11 potions of curing
 l - 8 potions of lignification
 s - 2 potions of resistance
 v - 2 potions of cancellation
 B - 6 potions of flight
 C - 5 potions of magic
 H - 2 potions of brilliance
 L - 4 potions of berserk rage
 R - 5 potions of haste
Miscellaneous
 z - a sack of spiders
 O - a fan of gales
Comestibles
 f - 58 rations


   Skills:
 * Level 20.8 Fighting
 + Level 20.1 Axes
 * Level 18.6 Armour
 - Level 10.4 Shields
 - Level 7.9 Invocations
 * Level 10.2 Evocations


You had 17 spell levels left.
You didn't know any spells.
Your spell library contained the following spells:

 Spells                   Type           Power        Failure   Level  Hunger
 Magic Dart               Conj           #...         100%        1    ##.....
 Conjure Flame            Conj/Fire      #.......     100%        3    ####...
 Lightning Bolt           Conj/Air       #.........   100%        5    ######.
 Bolt of Magma            Conj/Fire/Erth #.........   100%        5    ######.
 Slow                     Hex            #.......     100%        2    ###....
 Freezing Cloud           Conj/Ice/Air   #.........   100%        6    #######
 Mephitic Cloud           Conj/Pois/Air  #.......     100%        3    ####...
 Ring of Flames           Chrm/Fire      #.........   100%        7    #######
 Venom Bolt               Conj/Pois      #.........   100%        5    ######.
 Blink                    Tloc           N/A          100%        2    ###....
 Iskenderun's Mystic Bla  Conj           #.......     100%        4    #####..
 Call Imp                 Summ           #.......     100%        2    ###....
 Iron Shot                Conj/Erth      #.........   100%        6    #######
 Shock                    Conj/Air       #...         100%        1    ##.....
 Swiftness                Chrm/Air       #.......     100%        2    ###....
 Airstrike                Air            #.........   100%        4    #####..
 Shatter                  Erth           #.........   100%        9    #######
 Static Discharge         Conj/Air       #.......     100%        3    ####...
 Orb of Destruction       Conj           #.........   100%        7    #######
 Tornado                  Air            #.........   100%        9    #######
 Iskenderun's Battlesphe  Conj/Chrm      #.......     100%        5    ######.
 Fulminant Prism          Conj/Hex       #.........   100%        4    #####..
 Dazzling Spray           Conj/Hex       #.....       100%        3    ####...
 Force Lance              Conj/Tloc      #.......     100%        4    #####..
 Searing Ray              Conj           #.....       100%        2    ###....
 Spellforged Servitor     Conj/Summ      #.........   100%        7    #######
 Poisonous Vapours        Pois/Air       #.....       100%        2    ###....
 Ignition                 Fire           #.........   100%        8    #######


Dungeon Overview and Level Annotations

Branches:
Dungeon (15/15)            Temple (1/1) D:4            Lair (6/6) D:11
  Swamp (3/4) Lair:4        Snake (4/4) Lair:3        Slime (0/5) Lair:5
    Orc (2/2) D:9             Elf (0/3) Orc:2        Vaults (0/5) D:13
 Depths (0/5) D:15

Altars:
Cheibriados
Dithmenos
Fedhas
Okawaru
Qazlal
Uskayaw
Vehumet
Xom
Zin
The Shining One
Beogh

Shops:
D:5 }   D:6 *   D:9 [   D:11 *   Orc:1 !   Orc:2 ([![

Annotations:
D:9 exclusion: statue
Orc:2 exclusion: door


Innate Abilities, Weirdness & Mutations

You have a somewhat thin skeletal structure. (Dex +2, Stealth)
You are covered in fur. (AC +1)
You expend magic power (3 MP) to strengthen your wands.


Message History

You hit the thorn hunter. You slash the briar patch! x2
You destroy the briar patch!
You slice the briar patch!!
You destroy the briar patch!
You block the tyrant leech's attack. You block the thorn hunter's attack.
The thorn hunter hits you.
* * * LOW HITPOINT WARNING * * *
You slash the tyrant leech!
The tyrant leech is severely wounded.
You slice the briar patch!!
You destroy the briar patch!
You slash the thorn hunter!
The briar patch crumbles away. x5
You slice the tyrant leech!!
You kill the tyrant leech!
Okawaru accepts your kill.
You hit the thorn hunter but do no damage.
You hit the alligator.
The thorn hunter fires a volley of thorns at you.
The volley of thorns hits you!
You die...

♣♣♣♣♣ ♣♣♣♣♣<.>♣♣♣♣
♣♣♣≈♣♣≈≈≈≈≈.≈♣♣
♣♣..P≈†.≈≈≈≈≈.≈♣
♣PP≈PPt@≈.≈≈≈≈.♣♣♣
♣♣PPP≈f†...≈≈≈§..♣
♣♣P≈t.♣♣♣..≈≈≈≈≈♣
♣♣♣♣♣P≈≈w♣ ♣♣≈≈≈≈≈.♣
..§§≈≈..♣♣♣♣..≈≈≈≈.♣
..≈≈PP≈kwt♣♣♣..≈≈§.♣
≈..≈≈...≈≈.♣♣♣D≈≈≈.♣ ♣♣
....≈≈≈.≈f≈♣♣[≈≈≈.♣♣♣≈♣
≈≈≈≈PP≈P.≈≈wD≈≈t♣♣♣♣.♣


You could see a thorn hunter, 2 alligators, a tyrant leech and a swamp drake.

Vanquished Creatures
  Vashnia (Snake:4)
  Jorgrun (Snake:4)
  Rupert (Lair:3)
  Gastronok (Lair:3)
  9 nagarajas
  An orc warlord (Orc:2)
  Aizul (Snake:1)
  Nessos (D:13)
  A minotaur (Lab)
  Azrael (Snake:2)
  3 ettins
  A fire dragon (D:15)
  The ghost of Turgon the Grappler, a journeyman TrFi of Makhleb (D:13)
  5 naga warriors
  12 hydras
  Erica (D:8)
  7 anacondas
  3 centaur warriors
  16 two-headed ogres
  5 alligators
  2 tengu warriors (D:15)
  3 ogre magi
  6 death yaks
  5 orc high priests (Orc:2)
  8 shock serpents
  26 naga sharpshooters
  Urug (Lair:3)
  14 slime creatures
  A sun demon (Volcano)
  A deep elf knight (D:13)
  A hell knight (Volcano)
  A spriggan druid (Swamp:2)
  A flayed ghost (D:15)
  2 unseen horrors
  10 naga ritualists
  A deep elf archer (D:15)
  6 orc knights
  10 mana vipers
  A wolf spider zombie (D:15)
  4 orc sorcerers
  A wolf spider (Lair:6)
  2 deep elf magi
  11 ugly things
  A wolf spider (shapeshifter) (D:15)
  9 salamanders
  6 cyclopes
  10 elephants
  5 manticores
  36 black mambas
  A torpor snail (Lair:6)
  2 molten gargoyles (Volcano)
  4 guardian serpents
  20 naga magi
  3 gargoyles
  20 spiny frogs
  3 centaur skeletons
  8 komodo dragons
  2 efreet
  5 trolls
  4 tyrant leeches
  2 red devils (Volcano)
  12 hornets
  A raiju (Lair:6)
  9 polar bears (Lair:6)
  Prince Ribbit (D:8)
  16 hippogriffs
  6 bog bodies
  A dream sheep (Lair:1)
  5 blink frogs (Lair:4)
  A meliai zombie (D:11)
  A centaur simulacrum (D:15)
  2 shadows
  9 spriggans
  3 wraiths
  A redback (Lair:6)
  A spriggan (shapeshifter) (D:13)
  16 wyverns
  A wyvern (shapeshifter) (D:15)
  51 yaks
  4 basilisks
  2 fire elementals (Snake:2)
  16 humans (D:13)
  13 vampire mosquitoes
  A steam dragon (Lair:4)
  A hungry ghost (D:14)
  Menkaure (D:7)
  12 wargs
  2 soldier ants
  A swamp worm (shapeshifter) (D:13)
  12 swamp worms
  An acid dragon (D:13)
  35 nagas
  23 hell hounds
  27 water moccasins
  A swamp drake (Swamp:1)
  A porcupine (Lair:5)
  12 ice beasts
  48 orc warriors
  4 phantoms
  2 sky beasts
  12 black bears
  An eye of draining (D:11)
  22 wolves
  A boggart (D:12)
  16 ogres
  20 centaurs
  15 crocodiles
  21 bullfrogs
  An earth elemental (Lab)
  5 scorpions
  15 killer bees
  14 wights
  A troll skeleton (Lab)
  3 howler monkeys (D:9)
  4 electric eels
  5 lava snakes (Volcano)
  47 orc priests
  A quasit (D:12)
  4 crimson imps
  3 bullfrog skeletons
  3 hounds
  4 jellies
  A wyvern simulacrum (D:12)
  2 bullfrog zombies
  27 orc wizards
  Crazy Yiuf (D:7)
  5 iguanas
  14 hell rats
  13 worker ants
  A worker ant zombie (D:7)
  23 gnolls
  18 adders
  12 river rats (Lair:1)
  A shadow imp (D:12)
  7 oozes
  An adder zombie (D:8)
  4 worms (D:2)
  A dart slug (D:5)
  10 leopard geckos
  109 orcs
  3 ball pythons
  9 giant cockroaches
  11 goblins
  11 hobgoblins
  6 jackals
  14 kobolds
  7 quokkas
  9 bats
  5 frilled lizards
  A quokka skeleton (D:4)
  15 rats
  8 briar patches (Swamp:3)
  2 fungi (Lair:4)
  9 plants
1265 creatures vanquished.

Vanquished Creatures (others)
  A spriggan druid (Swamp:3)
  2 naga magi
  4 dream sheep (Lair:1)
  A briar patch (Swamp:3)
  13 fungi
  16 plants (Lair:6)
37 creatures vanquished.

Grand Total: 1302 creatures vanquished

Notes
Turn   | Place    | Note
-------+----------+-------------------------------------------
     0 | D:1      | wellist the Hill Orc Fighter began the quest for the Orb.
     0 | D:1      | Reached XP level 1. HP: 19/19 MP: 1/1
   120 | D:1      | Reached XP level 2. HP: 27/27 MP: 2/2
   711 | D:2      | Reached XP level 3. HP: 32/33 MP: 3/3
   960 | D:2      | Reached XP level 4. HP: 40/40 MP: 4/4
  2260 | D:3      | Reached XP level 5. HP: 35/47 MP: 5/5
  3229 | D:4      | Found a shadowy altar of Dithmenos.
  3318 | D:4      | Reached skill level 5 in Fighting
  3318 | D:4      | Reached XP level 6. HP: 46/56 MP: 6/6
  3365 | D:4      | Reached skill level 5 in Axes
  3653 | D:4      | Reached skill level 5 in Shields
  3991 | D:4      | Found a staircase to the Ecumenical Temple.
  3998 | Temple   | Entered the Ecumenical Temple
  4037 | Temple   | Became a worshipper of Warmaster Okawaru
  4042 | Temple   | Gained mutation: Potions are less effective at restoring your health. [potion of mutation]
  4042 | Temple   | Gained mutation: Your skin changes colour to match your surroundings (Stealth+). [potion of mutation]
  4247 | D:4      | Found a stormy altar of Qazlal.
  4465 | D:5      | Entered Level 5 of the Dungeon
  4540 | D:5      | Reached XP level 7. HP: 34/62 MP: 7/7
  4683 | D:5      | Found Usanut's Gadget Shop.
  4752 | D:5      | Found a blossoming altar of Fedhas.
  5153 | D:5      | Reached * piety under Okawaru
  5519 | D:5      | Got a faintly glowing granite ring
  5531 | D:5      | Identified the ring of Mydim {rPois Int+6 Slay+6} (You found it on level 5 of the Dungeon)
  5700 | D:5      | Reached XP level 8. HP: 71/71 MP: 8/8
  6087 | D:5      | Reached skill level 5 in Armour
  6457 | D:6      | Found Defiuluo's General Store.
  6479 | D:6      | Reached ** piety under Okawaru
  6584 | D:6      | Found an iron altar of Okawaru.
  7249 | D:7      | Reached XP level 9. HP: 76/81 MP: 9/9
  7358 | D:7      | Reached *** piety under Okawaru
  7504 | D:7      | Noticed Menkaure
  7514 | D:7      | Killed Menkaure
  8151 | D:7      | Found a runed door.
  8155 | D:7      | Noticed Crazy Yiuf
  8157 | D:7      | Killed Crazy Yiuf
  8511 | D:8      | Found a flagged portal.
  8511 | D:8      | Noticed Erica
  8532 | D:8      | Killed Erica
  8532 | D:8      | Reached **** piety under Okawaru
  8532 | D:8      | Reached skill level 10 in Axes
  8532 | D:8      | Reached XP level 10. HP: 47/92 MP: 10/10
  8545 | Bailey   | Entered a bailey
  9180 | D:8      | Reached skill level 10 in Fighting
  9258 | D:8      | Noticed a cyclops
  9297 | D:8      | Killed a cyclops
  9297 | D:8      | Reached ***** piety under Okawaru
  9821 | D:8      | Noticed Prince Ribbit
  9828 | D:8      | Killed Prince Ribbit
  9941 | D:9      | Received a gift from Okawaru
  9952 | D:9      | Reached skill level 10 in Shields
 10168 | D:9      | Reached XP level 11. HP: 101/101 MP: 11/11
 10560 | D:9      | Found a radiant altar of Vehumet.
 10641 | D:9      | Found a staircase to the Orcish Mines.
 10886 | D:9      | Found Hoteh's Antique Armour Boutique.
 10919 | D:10     | Entered Level 10 of the Dungeon
 10919 | D:10     | Noticed an eight-headed hydra
 10928 | D:10     | Killed an eight-headed hydra
 10928 | D:10     | Reached skill level 1 in Invocations
 11117 | D:10     | Noticed a two-headed ogre
 11128 | D:10     | Killed a two-headed ogre
 12024 | D:10     | Identified 2 scrolls of acquirement
 12218 | D:11     | Found a staircase to the Lair.
 12460 | D:11     | Noticed a cyclops
 12468 | D:11     | Killed a cyclops
 12468 | D:11     | Reached ****** piety under Okawaru
 12468 | D:11     | Reached XP level 12. HP: 93/112 MP: 5/15
 12642 | D:11     | Found a shadowy altar of Dithmenos.
 12751 | D:11     | Received a gift from Okawaru
 12906 | D:11     | Found Jillag's Assorted Antiques.
 12915 | D:11     | Lost mutation: Potions are less effective at restoring your health. [potion of mutation]
 12915 | D:11     | Lost mutation: Your skin changes colour to match your surroundings (Stealth+). [potion of mutation]
 12915 | D:11     | Gained mutation: You occasionally shout uncontrollably at your foes. [potion of mutation]
 12915 | D:11     | Gained mutation: You are clumsy. (Dex -2) [potion of mutation]
 12915 | D:11     | Gained mutation: Your body sometimes deteriorates upon taking damage. [potion of mutation]
 12915 | D:11     | Gained mutation: You are resistant to electric shocks. (rElec) [potion of mutation]
 12916 | D:11     | Lost mutation: Your body sometimes deteriorates upon taking damage. [potion of mutation]
 12916 | D:11     | Lost mutation: You are resistant to electric shocks. (rElec) [potion of mutation]
 12916 | D:11     | Gained mutation: You have sharp fingernails. [potion of mutation]
 12916 | D:11     | Gained mutation: You possess an exceptional clarity of mind. [potion of mutation]
 12917 | D:11     | Lost mutation: You occasionally shout uncontrollably at your foes. [potion of mutation]
 12917 | D:11     | Lost mutation: You have sharp fingernails. [potion of mutation]
 12917 | D:11     | Lost mutation: You possess an exceptional clarity of mind. [potion of mutation]
 12917 | D:11     | Lost mutation: You are clumsy. (Dex -2) [potion of mutation]
 12917 | D:11     | Gained mutation: You are frail. (-10% HP) [potion of mutation]
 12917 | D:11     | Gained mutation: You are covered in fur. (AC +1) [potion of mutation]
 12918 | D:11     | Lost mutation: You are frail. (-10% HP) [potion of mutation]
 12918 | D:11     | Gained mutation: You have a somewhat thin skeletal structure. (Dex +2, Stealth) [potion of mutation]
 12918 | D:11     | Gained mutation: You expend magic power (3 MP) to strengthen your wands. [potion of mutation]
 13426 | Lair:1   | Entered Level 1 of the Lair of Beasts
 13433 | Lair:1   | Found a shimmering altar of Xom.
 13524 | Lair:1   | Reached skill level 10 in Armour
 14688 | Lair:2   | Noticed an eight-headed hydra
 14700 | Lair:2   | Killed an eight-headed hydra
 15213 | Lair:2   | Found a dark tunnel.
 15221 | Volcano  | Entered a volcano
 15414 | Volcano  | Found a burning altar of Makhleb.
 15414 | Volcano  | Noticed a sun demon
 15440 | Volcano  | Killed a sun demon
 15450 | Volcano  | Received a gift from Okawaru
 15811 | Volcano  | Reached XP level 13. HP: 111/123 MP: 5/16
 16647 | Lair:3   | Noticed Rupert
 16667 | Lair:3   | Killed Rupert
 16667 | Lair:3   | Reached skill level 15 in Axes
 16806 | Lair:3   | Noticed Gastronok
 16821 | Lair:3   | Killed Gastronok
 16987 | Lair:3   | Noticed Urug
 16997 | Lair:3   | Killed Urug
 17083 | Lair:3   | Found a staircase to the Snake Pit.
 17219 | Lair:3   | Found a glowing golden altar of the Shining One.
 17265 | Lair:3   | Received a gift from Okawaru
 17796 | Lair:4   | Found a staircase to the Swamp.
 18989 | Lair:4   | Reached skill level 15 in Fighting
 19287 | Lair:5   | Reached XP level 14. HP: 100/135 MP: 5/17
 19750 | Lair:5   | Found a staircase to the Slime Pits.
 19908 | Lair:5   | Received a gift from Okawaru
 20346 | Lair:6   | Entered Level 6 of the Lair of Beasts
 20838 | Lair:6   | Received a gift from Okawaru
 20841 | Lair:6   | Got a transparent broad axe {god gift}
 20842 | Lair:6   | Identified the +4 broad axe of Plague {speed, +Inv Int+3} (Okawaru gifted it to you on level 6 of the Lair of Beasts)
 21498 | Lair:6   | Received a gift from Okawaru
 21537 | Lair:6   | Reached XP level 15. HP: 134/145 MP: 18/18
 22569 | Orc:1    | Entered Level 1 of the Orcish Mines
 22630 | D:9      | Upgraded the game from 0.22-a0-580-gd5db89c to 0.22-a0-587-g7d32d7c
 22646 | Orc:1    | Found Zehyff's Distillery.
 22903 | Orc:2    | Entered Level 2 of the Orcish Mines
 22971 | Orc:2    | Received a gift from Okawaru
 23155 | Orc:2    | Reached skill level 1 in Evocations
 23418 | Orc:1    | Reached skill level 15 in Armour
 23872 | Orc:2    | Found Ynadom's Weapon Emporium.
 23895 | Orc:2    | Found a roughly hewn altar of Beogh.
 24055 | Orc:2    | Found Jasigavu's Antique Armour Shoppe.
 24475 | Orc:2    | Found Quklinab's Distillery.
 24530 | Orc:2    | Noticed an orc warlord
 24555 | Orc:2    | Killed an orc warlord
 24908 | Orc:2    | Found a roughly hewn altar of Beogh.
 24982 | Orc:2    | Found Moisal's Armour Boutique.
 25333 | Orc:2    | Paralysed by an orc sorcerer for 3 turns
 25802 | Orc:2    | Found a staircase to the Elven Halls.
 26268 | D:9      | Bought the -2 hat of the Alchemist {rElec rPois rF+ rC+ rN+ MR+ rMut rCorr} for 1699 gold pieces
 26268 | D:9      | Found the -2 hat of the Alchemist {rElec rPois rF+ rC+ rN+ MR+ rMut rCorr}
 26750 | D:12     | Got a wavering lapis lazuli ring
 26774 | D:12     | Received a gift from Okawaru
 26779 | D:12     | Got a clouded golden ring
 26782 | D:12     | Got a translucent cloak {god gift}
 26787 | D:12     | Got a crude lead ring
 26792 | D:12     | Got a coiled pewter ring
 26858 | D:12     | Reached XP level 16. HP: 143/157 MP: 17/19
 27149 | D:12     | Identified the +0 cloak "Rastrew" {rElec rPois Dex+4} (Okawaru gifted it to you on level 12 of the Dungeon)
 27152 | D:12     | Identified the ring "Abantesu" {Ice +Blink rN+ MR++ Stlth-} (You took it off a boggart on level 12 of the Dungeon)
 27156 | D:12     | Identified the ring "Godetz" {rCorr Str+3 Int+2} (You found it on level 12 of the Dungeon)
 27158 | D:12     | Identified the cursed ring of Xisuzyidyf {MR++ EV-3 Str+3 Dex-4} (You found it on level 12 of the Dungeon)
 27160 | D:12     | Identified the ring "Nutaawi" {rF++ rC- Int+2} (You found it on level 12 of the Dungeon)
 27185 | D:13     | Found a gate to the Vaults.
 27185 | D:13     | Noticed Nessos
 27231 | D:13     | Killed Nessos
 27607 | D:13     | Found a runed gate.
 27607 | D:13     | Found a runed gate.
 27607 | D:13     | Found a runed gate.
 27607 | D:13     | Noticed Turgon's ghost (journeyman TrFi)
 27653 | D:13     | Killed Turgon's ghost
 27670 | D:13     | Reached skill level 5 in Invocations
 28516 | D:13     | Found the +8 demon blade "Bloodbane" {slice, *Rage +Rage Stlth-}
 29922 | D:15     | Entered Level 15 of the Dungeon
 29974 | D:15     | Found a labyrinth entrance.
 29986 | Lab      | Entered a labyrinth
 30530 | Lab      | Got a polished chain mail
 30536 | Lab      | Got an iridescent trident {holy}
 30543 | Lab      | Identified the +6 trident "Beetleslayer" {holy, Str-2 Dex+5} (You took it off a minotaur in a labyrinth)
 30546 | Lab      | Identified the +5 chain mail of Unambiguity {rElec rCorr} (You took it off a minotaur in a labyrinth)
 30870 | D:15     | Found a staircase to the Depths.
 31160 | D:15     | Received a gift from Okawaru
 31870 | D:15     | Reached XP level 17. HP: 163/168 MP: 22/22
 32007 | Snake:1  | Entered Level 1 of the Snake Pit
 32067 | Snake:1  | Reached skill level 5 in Evocations
 32685 | Snake:1  | Noticed Aizul
 32698 | Snake:1  | Killed Aizul
 32698 | Snake:1  | Received a gift from Okawaru
 34103 | Snake:2  | Noticed Azrael
 34154 | Snake:2  | Killed Azrael
 34162 | Snake:2  | Received a gift from Okawaru
 34163 | Snake:2  | Got a twisted lajatang {god gift}
 36022 | Snake:3  | Received a gift from Okawaru
 36527 | Snake:3  | Reached XP level 18. HP: 127/178 MP: 24/24
 36903 | Snake:4  | Entered Level 4 of the Snake Pit
 38238 | Snake:4  | Received a gift from Okawaru
 39113 | Snake:4  | Got a serpentine rune of Zot
 39434 | Snake:4  | Noticed Jorgrun
 39445 | Snake:4  | Killed Jorgrun
 39654 | Snake:4  | Noticed Vashnia
 39691 | Snake:4  | HP: 8/180 [naga sharpshooter/bolt[Vashnia] (2)]
 40045 | Snake:4  | Killed Vashnia
 40666 | Swamp:1  | Entered Level 1 of the Swamp
 40672 | Swamp:1  | Got an ancient pewter ring
 40682 | Lair:4   | Identified the ring "Reudoize" {Ice Stlth+} (You found it on level 1 of the Swamp)
 40736 | Lair:4   | Upgraded the game from 0.22-a0-587-g7d32d7c to 0.22-a0-596-gfbd32a6
 41514 | Swamp:2  | Received a gift from Okawaru
 42143 | Swamp:2  | Reached skill level 10 in Evocations
 43432 | Swamp:3  | HP: 6/180 [spriggan druid/angry trees (12)]
 43448 | Swamp:3  | HP: 8/180 [tyrant leech (6)]
 43458 | Swamp:3  | Killed from afar by a thorn hunter

Vault maps used:
D:1:      scummos_arrival_hexagon, nrook_loot_triangle
D:2:      first_ration, st_stairs_10
D:4:      nicolae_qazlal_general_emergency, nicolae_dithmenos_the_darkroom,
          minmay_temple_entry_glass, st_stairs_13
D:5:      fedhas_bush_and_centaur_altar, serial_shops, nicolae_shop_trees,
          grunt_ministairs_4
D:6:      serial_shops, shop, okawaru_trees_2
D:7:      uniq_crazy_yiuf_cottage, uniq_menkaure
D:8:      enter_bailey_7, uniq_prince_ribbit1, uniq_erica
D:9:      vehumet_statue, orc_0_dummy, serial_shops, nicolae_shop_behind_doors
D:10:     serial_co_window_serial, co_window_paths_a,
          co_window_of_opportunity_a, co_window_corner_a, co_window_corner_a,
          co_window_paths_a, co_window_of_opportunity_a, co_window_paths_b,
          co_window_paths_a, co_window_paths_a, co_window_of_opportunity_c,
          co_window_2corner, co_window_corner_ca, co_window_broadway_b,
          co_window_paths_e, co_window_4corner_b, glass_columns_a,
          glass_columns_c, glass_columns_b, grunt_pizzeria
D:11:     erik_lair_orcish_takeover, serial_shops, shop, serial_curves,
          eino_curves_03, eino_curves_04, eino_curves_02, basic_altar
D:12:     minmay_the_grid_triangle_9x9_recursive_2
D:13:     david_vaults_3, gammafunk_ghost_split
D:15:     hangedman_depths_entry_civil_slaughter, minivault_27,
          lab_entry_generic
Temple:   dpeg_five_rooms_temple
Lair:1:   lemuel_ratsnest, st_stairs_7, grunt_forest_small_clearings,
          nicolae_quartered_pool_medium, kb_xom_exploding_sheep
Lair:2:   enter_volcano_3, wad_woods_01
Lair:3:   minmay_snake_entry_guardpost_small, basic_altar,
          serial_bayou_crossing, lemuel_fruit_tree, uniq_rupert, uniq_urug,
          uniq_gastronok
Lair:4:   nicolae_swamp_entry_splash_gauntlet, grunt_megastairs_4,
          infiniplex_staircase_pool_2
Lair:5:   nicolae_slime_entry_slimehenge, grunt_megastairs_2,
          serial_bayou_shore_a
Lair:6:   hangedman_lair_tendril_chambers, hangedman_lair_caniforms_friends
Swamp:1:  evilmike_swamp_ruin_house_2, swamp_pool1
Swamp:2:  evilmike_swamp_ruin_house_6
Swamp:3:  nicolae_swamp_dense_foliage
Snake:1:  spider_trap, uniq_aizul
Snake:2:  serial_bayou_pond_e, uniq_azrael
Snake:3:  grunt_megastairs_1
Snake:4:  snake_pit, uniq_vashnia, uniq_jorgrun
Orc:1:    serial_shops, nicolae_shop_stone
Orc:2:    pubby_orc_utopia
Lab:      labyrinth_watery, nicolae_lab_checkerboard
Bailey:   bailey_axe_2, bailey
Volcano:  volcano_lake

Skill      XL: |  1  2  3  4  5  6  7  8  9 10 11 12 13 14 15 16 17 18 |
---------------+-------------------------------------------------------+-----
Axes           | 3 4 5 6 8 10 11 13 14 16 17 18 19 20 | 20.1
Fighting       | 4 5 6 8 9 10 12 13 15 16 18 19 20 | 20.8
Shields        | 4 5 6 7 9 10 | 10.4
Armour         | 4 5 6 7 9 11 12 14 15 16 17 18 | 18.6
Invocations    | 4 7 |  7.9
Evocations     | 3 4 8 10 | 10.2

Action                   |  1- 3 |  4- 6 |  7- 9 | 10-12 | 13-15 | 16-18 || total
-------------------------+-------+-------+-------+-------+-------+-------++-------
Melee: War axe           |   104 |   239 |   300 |   383 |   138 |       ||  1164
       Hand axe          |       |       |       |   341 |       |       ||   341
       Trident           |       |       |       |    13 |       |   247 ||   260
       Broad axe         |       |       |       |       |  1047 |  1243 ||  2290
       Demon trident     |       |       |       |       |    60 |       ||    60
Throw: Tomahawk          |       |       |       |       |     5 |       ||     5
Invok: Heroism           |       |       |       |     6 |     9 |    15 ||    30
       Finesse           |       |       |       |     1 |     4 |    10 ||    15
 Abil: Evoke Blink       |       |       |       |       |       |    12 ||    12
Evoke: Sack of spiders   |       |       |       |       |       |     1 ||     1
  Use: Scroll            |       |     8 |    11 |     8 |    14 |    14 ||    55
       Potion            |       |     7 |     1 |     7 |       |    16 ||    31
  Eat: Chunk             |       |    12 |    10 |    37 |    41 |    40 ||   140
       Ration            |       |       |     1 |       |       |     2 ||     3
Armor: Scale mail        |    55 |   101 |    23 |       |       |       ||   179
       Plate armour      |       |       |    48 |   182 |   317 |   464 ||  1011
       Chain mail        |       |       |       |     9 |       |       ||     9
Dodge: Dodged            |    42 |    61 |    96 |   236 |   230 |   131 ||   796
Block: Shield            |    60 |   112 |   171 |   368 |    32 |       ||   743
       Large shield      |       |       |       |       |   796 |  1125 ||  1921

Table legend:
 A = Spawn XP
 B = Non-spawn XP
 C = Spawn XP percentage of total XP
 D = Spawn monster count
 E = Non-spawn monster count
 F = Spawn count percentage of total count
 G = Total turns spent on level
                    A         B        C        D         E        F      G
               +---------+---------+-------+---------+---------+-------+---------
         Total |       0 |  315521 |   0.0 |       0 |    1249 |   0.0 | 43458
               +---------+---------+-------+---------+---------+-------+---------
           D:1 |       0 |      33 |   0.0 |       0 |      19 |   0.0 |   705
           D:2 |       0 |     101 |   0.0 |       0 |      28 |   0.0 |  1450
           D:3 |       0 |     161 |   0.0 |       0 |      23 |   0.0 |  1011
           D:4 |       0 |     223 |   0.0 |       0 |      13 |   0.0 |  1148
           D:5 |       0 |     970 |   0.0 |       0 |      25 |   0.0 |  1897
           D:6 |       0 |     687 |   0.0 |       0 |      17 |   0.0 |   787
           D:7 |       0 |    1573 |   0.0 |       0 |      29 |   0.0 |  1176
           D:8 |       0 |    3267 |   0.0 |       0 |      28 |   0.0 |  1284
           D:9 |       0 |    3612 |   0.0 |       0 |      37 |   0.0 |  1142
          D:10 |       0 |    4993 |   0.0 |       0 |      36 |   0.0 |  1126
          D:11 |       0 |    5074 |   0.0 |       0 |      40 |   0.0 |  1575
          D:12 |       0 |    6610 |   0.0 |       0 |      32 |   0.0 |  1075
          D:13 |       0 |   18306 |   0.0 |       0 |      60 |   0.0 |  1577
          D:14 |       0 |    6275 |   0.0 |       0 |      23 |   0.0 |   871
          D:15 |       0 |   26528 |   0.0 |       0 |      63 |   0.0 |  1383
        Lair:1 |       0 |    3526 |   0.0 |       0 |      51 |   0.0 |  1138
        Lair:2 |       0 |    4006 |   0.0 |       0 |      18 |   0.0 |  1460
        Lair:3 |       0 |    9210 |   0.0 |       0 |      24 |   0.0 |  1032
        Lair:4 |       0 |    7902 |   0.0 |       0 |      28 |   0.0 |  1537
        Lair:5 |       0 |   12712 |   0.0 |       0 |      45 |   0.0 |  1314
        Lair:6 |       0 |   32311 |   0.0 |       0 |     130 |   0.0 |  2072
       Swamp:1 |       0 |    6239 |   0.0 |       0 |      14 |   0.0 |  1482
       Swamp:2 |       0 |   11619 |   0.0 |       0 |      37 |   0.0 |  1153
       Swamp:3 |       0 |    2342 |   0.0 |       0 |       7 |   0.0 |    99
       Snake:1 |       0 |   13764 |   0.0 |       0 |      21 |   0.0 |  1265
       Snake:2 |       0 |   17951 |   0.0 |       0 |      35 |   0.0 |  1848
       Snake:3 |       0 |   32207 |   0.0 |       0 |      57 |   0.0 |  3309
       Snake:4 |       0 |   49770 |   0.0 |       0 |      67 |   0.0 |  2178
         Orc:1 |       0 |    8262 |   0.0 |       0 |      50 |   0.0 |   661
         Orc:2 |       0 |   19144 |   0.0 |       0 |     142 |   0.0 |  2779
           Lab |       0 |    1416 |   0.0 |       0 |       3 |   0.0 |   584
        Bailey |       0 |     355 |   0.0 |       0 |      34 |   0.0 |   520
       Volcano |       0 |    4372 |   0.0 |       0 |      13 |   0.0 |   669
               +---------+---------+-------+---------+---------+-------+---------
